 Dungeon Crawl Stone Soup version 0.21.1-1-g345015fe64 (webtiles) character file.

144116 Thau the Crack Shot (level 16, -3/151 HPs)
             Began as a Centaur Hunter on Mar 9, 2018.
             Was a High Priest of Okawaru.
             Slain by an Executioner (6 damage)
             ... on level 3 of the Abyss on Mar 10, 2018.
             The game lasted 03:02:46 (27274 turns).

Thau the Crack Shot (Centaur Hunter)               Turns: 27274, Time: 03:02:47

Health: -3/151     AC: 15    Str: 23    XL:     16   Next: 84%
Magic:  7/13       EV: 14    Int: 14    God:    Okawaru [*****.]
Gold:   1649       SH:  0    Dex: 14    Spells: 12/15 levels left

rFire    + + +     SeeInvis +   J - +2 longbow (freeze)
rCold    + . .     Gourm    .   (shield currently unavailable)
rNeg     . . .     Faith    .   x - +1 leather armour of the Tired Stars {rF+ Regen+ Str+4 Int+2 Slay+3}
rPois    .         Spirit   .   K - +2 hat {SInv}
rElec    +         Reflect  .   X - scarf {repulsion}
rCorr    .         Harm     .   Z - +1 pair of gloves {archery}
MR       +....                  W - +0 centaur barding "Akaun" {rElec rF+++ MP-9 Str+3}
Stlth    ++........             p - amulet of regeneration
HPRegen  1.15/turn              t - +3 ring of evasion
MPRegen  0.13/turn              O - ring of ice

@: heroism, finesse, very slightly contaminated, studying Unarmed Combat, repel
missiles, very quick
A: large, hooves 3, deformed body, speed 2, tough skin 3
a: Heroism, Finesse, Renounce Religion


You were on level 3 of the Abyss.
You worshipped Okawaru.
Okawaru was extremely pleased with you.
You were full.

You visited 5 branches of the dungeon, and saw 26 of its levels.
You visited the Abyss 1 time.
You also visited: Ice Cave.

You collected 2617 gold pieces.
You spent 968 gold pieces at shops.

Inventory:

Hand Weapons
 a - a +2 shortbow of flaming
 c - a +1 shortbow of freezing
 J - a +2 longbow of freezing (weapon)
Missiles
 d - 370 arrows (quivered)
Armour
 i - the +3 centaur barding of Fotili {rN+}
   (Okawaru gifted it to you on level 2 of the Orcish Mines)

   It protects you from negative energy.
 x - the +1 leather armour of the Tired Stars (worn) {rF+ Regen+ Str+4 Int+2 Slay+3}
   (You found it on level 5 of the Dungeon)

   It affects your strength (+4).
   It affects your intelligence (+2).
   It affects your accuracy and damage with ranged weapons and melee attacks
   (+3).
   It protects you from fire.
   It increases your rate of regeneration.
 B - a +3 plate armour
 C - a +2 chain mail of magic resistance
 F - a +2 helmet of intelligence
 K - a +2 hat of see invisible (worn)
 W - the +0 centaur barding "Akaun" (worn) {rElec rF+++ MP-9 Str+3}
   (Okawaru gifted it to you on level 10 of the Dungeon)

   It affects your strength (+3).
   It renders you almost immune to fire.
   It insulates you from electricity.
   It affects your magic capacity (-9).
 X - a scarf of repulsion (worn)
 Z - a +1 pair of gloves of archery (worn)
Jewellery
 p - an amulet of regeneration (around neck)
 t - a +3 ring of evasion (left hand)
 N - an uncursed amulet of rage
 O - a ring of ice (right hand)
 T - an uncursed ring of fire
Wands
 f - a wand of disintegration (24)
 h - a wand of paralysis (55)
 q - a wand of flame (14)
 u - a wand of acid (24)
 v - a wand of random effects (40)
 I - a wand of polymorph (11)
 M - a wand of digging (28)
 R - a wand of enslavement (17)
 V - a wand of iceblast (31)
Scrolls
 k - 16 scrolls of identify
 l - 4 scrolls of amnesia
 m - 9 scrolls of teleportation
 n - 6 scrolls of enchant weapon
 r - 2 scrolls of magic mapping
 w - 7 scrolls of remove curse
 y - 4 scrolls of fear
 L - 2 scrolls of blinking
 P - a scroll of holy word
Potions
 b - 2 potions of cancellation
 e - 7 potions of flight
 j - 6 potions of brilliance
 o - a potion of curing
 s - 3 potions of magic
 z - a potion of berserk rage
 E - 4 potions of might
 H - a potion of ambrosia
 Q - 2 potions of resistance
Books
 A - a manual of Unarmed Combat
 D - a book of Fire

   Spells                             Type                      Level
   a - Ignite Poison                  Fire/Transmutation/Poison    3
   b - Fireball                       Conjuration/Fire             5
   c - Bolt of Fire                   Conjuration/Fire             6
   d - Ring of Flames                 Charms/Fire                  7
   e - Ignition                       Fire                         8
 S - a Young Poisoner's Handbook

   Spells                             Type                      Level
   a - Sting                          Conjuration/Poison           1
   b - Poisonous Vapours              Poison/Air                   2
   c - Mephitic Cloud                 Conjuration/Poison/Air       3
   d - Olgreb's Toxic Radiance        Poison                       4
   e - Venom Bolt                     Conjuration/Poison           5
Miscellaneous
 Y - a phial of floods
Comestibles
 g - 29 rations


   Skills:
 + Level 15.8(20.8) Fighting
 * Level 23.0(27) Bows
 - Level 1.3(6.3) Dodging
 - Level 0.4(5.4) Stealth
 - Level 12.2(17.2) Unarmed Combat
 + Level 9.8 Translocations
 - Level 9.0 Invocations


You had 12 spell levels left.
You knew the following spells:

 Your Spells              Type           Power        Failure   Level  Hunger
a - Portal Projectile     Hex/Tloc       ##....       13%         3    ####...


Dungeon Overview and Level Annotations

Branches:
Dungeon (15/15)            Temple (1/1) D:5            Lair (6/6) D:10
  Swamp (2/4) Lair:4        Snake (0/4) Lair:3        Slime (0/5) Lair:5
    Orc (2/2) D:10            Elf (0/3) Orc:2        Vaults (0/5) D:13
 Depths (0/5) D:15

Altars:
Ashenzari
Cheibriados
Dithmenos
Elyvilon
Fedhas
Gozag
Hepliaklqana
Kikubaaqudgha
Makhleb
Nemelex Xobeh
Okawaru
Qazlal
Ru
Sif Muna
Trog
Uskayaw
Vehumet
Wu Jian
Xom
Yredelemnul
Zin
The Shining One
Beogh

Shops:
D:7 (   D:8 *   Orc:2 **}

Annotations:
D:4 2 transporters
Swamp:2 Louise


Innate Abilities, Weirdness & Mutations

You have hooves in place of feet.
Armour fits poorly on your strangely shaped body.
You cover ground very quickly.
You have extremely tough skin. (AC +3)


Message History

A chorus of shrieks assaults your mind.
* * * LOW HITPOINT WARNING * * *
An insubstantial wisp comes into view.
The Executioner gestures.
The Executioner seems to speed up.
A small abomination comes into view.
The Executioner gestures at you. Pain shoots through your body!
* * * LOW HITPOINT WARNING * * *
You feel better. The Executioner hits you!
* * * LOW HITPOINT WARNING * * *
The Executioner hits you but does no damage. x2
The Executioner hits you.
* * * LOW HITPOINT WARNING * * *
The Executioner hits you but does no damage. x2
The Executioner hits you!
* * * LOW HITPOINT WARNING * * *
The Executioner hits you but does no damage.
The Executioner hits you.
You die...

## ≈ ## ≈ .#≈ v
.≈# #. # ♣♣≈#
##..#.#≈≈###
...#≈.##@..# #
.###≈...≈#1#x#.#
...≈.#≈≈...#..
#.#.≈###.#.##x.
###.≈♣≈........§.#
....#.......##..#.
#. ...#.#.#### .
...#...###..
######XX..#####


You could see an Executioner and 2 small abominations.

Vanquished Creatures
  Jorgrun (Swamp:2)
  Gastronok (D:8)
  Frances (Swamp:1)
  2 tentacled starspawn (Abyss:3)
  Donald (Orc:2)
  A balrug (Abyss:3)
  A fire giant (D:15)
  3 orc warlords
  Aizul (Swamp:1)
  A stone giant (Orc:2)
  A reaper (Abyss:3)
  2 starcursed masses (Abyss:3)
  6 dire elephants (Lair:6)
  2 entropy weavers (Lair:5)
  A lorocyproca (Abyss:3)
  Snorg (Lair:3)
  An ettin (Orc:2)
  4 ogre magi
  A rakshasa (D:14)
  An ice dragon (Lair:6)
  Harold (Lair:3)
  10 hydras
  5 centaur warriors
  An anaconda (Lair:6)
  Erica (D:8)
  13 two-headed ogres
  A tengu warrior (D:15)
  5 alligators
  A queen ant (Lair:5)
  An orc high priest (Orc:2)
  A thrashing horror (Abyss:3)
  2 deep elf knights
  Nergalle (D:11)
  The ghost of Skiberibeda the Fighter, a novice HOFi (D:7)
  A wretched star (Abyss:3)
  A wizard (D:15)
  A skeletal warrior (D:13)
  4 unseen horrors
  A flayed ghost (Abyss:3)
  Pikel (D:7)
  A wolf spider zombie (D:15)
  18 ugly things
  An orc sorcerer (Orc:2)
  A salamander (shapeshifter) (Abyss:3)
  8 deep elf magi
  4 orc knights
  4 cyclopes
  15 elephants
  7 black mambas
  An ice statue (Lair:6)
  2 guardian serpents
  3 smoke demons (Abyss:3)
  6 spiny frogs
  2 kobold demonologists (D:15)
  4 centaur skeletons
  5 rime drakes
  A tengu conjurer (D:15)
  8 komodo dragons
  An ancient zyme (Abyss:3)
  8 trolls
  2 polar bears (Lair:6)
  5 large abominations (Abyss:3)
  A hornet (Swamp:2)
  3 raiju (Abyss:3)
  A wolf spider simulacrum (IceCv)
  Prince Ribbit (D:6)
  22 blink frogs
  2 bog bodies
  16 slime creatures
  6 hippogriffs
  A shadow (Swamp:1)
  2 vampires
  2 spriggans
  4 wyverns
  The ghost of Skiberibeda the Skirmisher, an amateur HOFi (D:4)
  7 basilisks
  Grum (D:8)
  18 vampire mosquitoes
  2 hungry ghosts
  36 yaks
  A steam dragon (D:14)
  6 wargs
  5 soldier ants (Lair:5)
  3 insubstantial wisps (Swamp:1)
  9 swamp worms
  Edmund (D:4)
  An acid dragon (D:15)
  15 water moccasins
  8 porcupines
  3 swamp drakes
  Purgy (D:4)
  Duvessa (D:6)
  4 sky beasts
  2 slaves (D:7)
  32 orc warriors
  13 ice beasts
  3 phantoms
  2 hornet zombies
  2 necrophages
  5 black bears
  3 eyes of draining
  14 wolves
  31 ogres
  15 centaurs
  14 crocodiles
  3 big kobolds
  A gnoll sergeant (D:12)
  16 bullfrogs
  A small abomination (Abyss:3)
  Dowan (D:6)
  2 wyvern skeletons
  A wyvern zombie (D:6)
  6 scorpions
  13 killer bees
  4 wights (D:9)
  5 howler monkeys
  7 electric eels
  4 crimson imps
  2 quasits (Abyss:3)
  A bullfrog zombie (D:9)
  3 centaur zombies
  A jelly (D:6)
  Crazy Yiuf (D:2)
  21 orc priests
  5 hounds
  Jessica (D:2)
  7 bullfrog skeletons
  4 hell rats (Lair:4)
  4 iguanas
  19 worker ants
  Ijyb (D:4)
  16 orc wizards
  A killer bee zombie (D:8)
  A hound skeleton (D:9)
  A worker ant zombie (D:9)
  Robin (D:4)
  8 gnolls
  8 adders
  5 shadow imps
  3 white imps
  An ufetubus (Abyss:3)
  An ooze (D:1)
  An adder zombie (D:6)
  An adder skeleton (D:7)
  5 worms
  A dart slug (D:1)
  2 leopard geckos
  103 orcs
  A ball python (D:1)
  2 giant cockroaches (D:8)
  19 goblins
  14 hobgoblins
  10 jackals
  2 quokkas
  5 bats
  7 frilled lizards
  30 kobolds
  A leopard gecko zombie (D:5)
  A quokka zombie (D:7)
  10 rats
  5 plants
  4 starspawn tentacles (Abyss:3)
917 creatures vanquished.

Vanquished Creatures (others)
  An orc wizard (Orc:2)
  A ball python (D:7)
  6 fungi
  14 plants
22 creatures vanquished.

Grand Total: 939 creatures vanquished

Notes
Turn   | Place    | Note
-------+----------+-------------------------------------------
     0 | D:1      | Thau the Centaur Hunter began the quest for the Orb.
     0 | D:1      | Reached XP level 1. HP: 17/17 MP: 1/1
   396 | D:1      | Reached XP level 2. HP: 16/24 MP: 2/2
   600 | D:1      | Reached skill level 1 in Unarmed Combat
   984 | D:1      | Reached XP level 3. HP: 30/30 MP: 3/3
  1201 | D:2      | Noticed Jessica
  1225 | D:2      | Killed Jessica
  1225 | D:2      | Reached skill level 6 in Bows
  1724 | D:2      | Found a stormy altar of Qazlal.
  1795 | D:2      | Found a runed door.
  1863 | D:2      | Noticed Crazy Yiuf
  1898 | D:2      | Killed Crazy Yiuf
  1898 | D:2      | Reached XP level 4. HP: 25/38 MP: 4/4
  2873 | D:3      | Found a burning altar of Makhleb.
  2930 | D:3      | Found a basalt altar of Yredelemnul.
  3039 | D:3      | Reached XP level 5. HP: 24/45 MP: 5/5
  3478 | D:4      | Noticed a phantom
  3507 | D:4      | Noticed Skiberibeda's ghost (amateur HOFi)
  3519 | D:4      | Found a transporter.
  3527 | D:4      | Found a transporter.
  3761 | D:4      | Killed Skiberibeda's ghost
  3761 | D:4      | Reached skill level 7 in Bows
  3761 | D:4      | Reached XP level 6. HP: 52/52 MP: 6/6
  3987 | D:4      | Noticed Edmund
  4027 | D:4      | Noticed Ijyb
  4086 | D:4      | Killed Edmund
  4097 | D:4      | Killed Ijyb
  4223 | D:4      | Reached XP level 7. HP: 58/60 MP: 7/7
  4293 | D:4      | Noticed Purgy
  4328 | D:4      | Killed Purgy
  4364 | D:4      | Reached skill level 8 in Bows
  4490 | D:4      | Reached skill level 5 in Fighting
  4560 | D:4      | Noticed Robin
  4581 | D:4      | Killed Robin
  4954 | D:5      | Entered Level 5 of the Dungeon
  4998 | D:5      | Found an opulent altar of Gozag.
  5010 | D:5      | Found a deep blue altar of Sif Muna.
  5013 | D:5      | Found a sacrificial altar of Ru.
  5016 | D:5      | Found a shimmering altar of Xom.
  5228 | D:5      | Reached skill level 5 in Unarmed Combat
  5473 | D:5      | Found a staircase to the Ecumenical Temple.
  5477 | D:5      | Got a pitted leather armour
  5488 | D:5      | Identified the +1 leather armour of the Tired Stars {rF+ Regen+ Str+4 Int+2 Slay+3} (You found it on level 5 of the Dungeon)
  5490 | Temple   | Entered the Ecumenical Temple
  6101 | D:6      | Reached XP level 8. HP: 64/70 MP: 8/8
  6179 | D:6      | Reached skill level 9 in Bows
  6911 | D:6      | Found an iron altar of Okawaru.
  6930 | D:6      | Became a worshipper of Warmaster Okawaru
  6970 | D:6      | Noticed Duvessa
  6972 | D:6      | Noticed Dowan
  6996 | D:6      | Killed Duvessa
  6996 | D:6      | Reached skill level 10 in Bows
  7004 | D:6      | Killed Dowan
  7100 | D:6      | Found a radiant altar of Vehumet.
  7126 | D:7      | Found Ziewyji's Antique Weapon Shoppe.
  7153 | D:7      | Noticed Prince Ribbit
  7174 | D:6      | Reached XP level 9. HP: 79/79 MP: 9/9
  7178 | D:7      | Reached * piety under Okawaru
  7253 | D:6      | Killed Prince Ribbit
  7387 | D:7      | Found an ornate altar of the Wu Jian Council.
  7392 | D:7      | Noticed Skiberibeda's ghost (novice HOFi)
  7435 | D:7      | Killed Skiberibeda's ghost
  7435 | D:7      | Reached skill level 11 in Bows
  7439 | D:7      | Reached ** piety under Okawaru
  7727 | D:7      | Noticed Pikel
  7771 | D:7      | Killed Pikel
  7771 | D:7      | Reached *** piety under Okawaru
  7771 | D:7      | Reached XP level 10. HP: 89/90 MP: 12/12
  8387 | D:8      | Noticed Gastronok
  8478 | D:8      | Found Ataumot's General Store.
  8498 | D:8      | Bought a potion of haste for 110 gold pieces
  8498 | D:8      | Bought a ration for 55 gold pieces
  8498 | D:8      | Bought a wand of polymorph (11) for 143 gold pieces
  8538 | D:8      | Noticed Grum
  8577 | D:9      | Reached skill level 12 in Bows
  8582 | D:8      | Killed Grum
  8653 | D:8      | Noticed a moth of wrath
  8655 | D:8      | Found a bloodstained altar of Trog.
  8722 | D:8      | Noticed Erica
  8749 | D:8      | Killed Erica
  8749 | D:8      | Reached **** piety under Okawaru
  8749 | D:8      | Reached skill level 5 in Invocations
  8960 | D:8      | Killed Gastronok
  8960 | D:8      | Received a gift from Okawaru
  8960 | D:8      | Reached ***** piety under Okawaru
  9536 | D:10     | Entered Level 10 of the Dungeon
  9536 | D:10     | Found a staircase to the Orcish Mines.
  9539 | D:10     | Reached XP level 11. HP: 94/97 MP: 15/15
  9651 | D:9      | Noticed a two-headed ogre
  9658 | D:9      | Killed a two-headed ogre
  9658 | D:9      | Reached skill level 13 in Bows
  9822 | D:9      | Received a gift from Okawaru
  9973 | D:9      | Found a glowing silver altar of Zin.
 10184 | D:9      | Reached skill level 10 in Fighting
 10421 | D:10     | Found a staircase to the Lair.
 10849 | D:10     | Received a gift from Okawaru
 10978 | D:10     | Reached skill level 10 in Unarmed Combat
 11009 | D:10     | Found a roughly hewn altar of Beogh.
 11598 | D:10     | Got an ancient centaur barding {god gift}
 11604 | D:10     | Identified the +0 centaur barding "Akaun" {rElec rF+++ MP-9 Str+3} (Okawaru gifted it to you on level 10 of the Dungeon)
 11800 | D:11     | Noticed Nergalle
 11819 | D:11     | Killed Nergalle
 11827 | D:11     | Found a shadowy altar of Dithmenos.
 12185 | Lair:1   | Entered Level 1 of the Lair of Beasts
 12185 | Lair:1   | Noticed a four-headed hydra
 12189 | Lair:1   | Killed a four-headed hydra
 12189 | Lair:1   | Reached skill level 14 in Bows
 12232 | Lair:1   | Reached XP level 12. HP: 108/108 MP: 9/18
 12402 | Lair:1   | Noticed an eight-headed hydra
 12427 | Lair:1   | Killed an eight-headed hydra
 12541 | Lair:1   | Found a frozen archway.
 12562 | IceCv    | Entered an ice cave
 12819 | Lair:1   | Received a gift from Okawaru
 14157 | Lair:2   | Reached skill level 15 in Bows
 14372 | Lair:3   | Found a staircase to the Snake Pit.
 14428 | Lair:3   | Noticed Snorg
 14480 | Lair:3   | Killed Snorg
 14532 | Lair:3   | Noticed a six-headed hydra
 14546 | Lair:3   | Killed a six-headed hydra
 14546 | Lair:3   | Received a gift from Okawaru
 14547 | Lair:3   | Found the +10 Black Knight's horse barding {ponderous, rPois rN+}
 15125 | Lair:3   | Noticed Harold
 15138 | Lair:3   | Killed Harold
 15322 | Lair:4   | Reached XP level 13. HP: 118/118 MP: 19/19
 15847 | Lair:4   | Reached skill level 16 in Bows
 16083 | Lair:4   | Found a staircase to the Swamp.
 16191 | Lair:4   | You fall through a shaft!
 16220 | Lair:5   | Reached ****** piety under Okawaru
 16285 | Lair:5   | Learned a level 3 spell: Portal Projectile
 16316 | Lair:5   | Reached skill level 1 in Translocations
 16393 | Lair:5   | Found a staircase to the Slime Pits.
 16398 | Lair:5   | You fall through a shaft!
 16398 | Lair:6   | Entered Level 6 of the Lair of Beasts
 16921 | Lair:5   | Noticed an entropy weaver
 16930 | Lair:5   | Reached skill level 17 in Bows
 16943 | Lair:5   | Killed an entropy weaver
 16943 | Lair:5   | Received a gift from Okawaru
 16943 | Lair:5   | Received a gift from Okawaru
 16978 | Lair:5   | Noticed an entropy weaver
 16985 | Lair:5   | Killed an entropy weaver
 17347 | Lair:6   | Reached XP level 14. HP: 129/129 MP: 20/20
 17610 | Lair:6   | Received a gift from Okawaru
 17644 | Lair:6   | Reached skill level 18 in Bows
 17852 | Lair:6   | Received a gift from Okawaru
 17974 | Lair:6   | Received a gift from Okawaru
 18310 | Lair:6   | Received a gift from Okawaru
 18865 | D:10     | You fall through a shaft for 3 floors!
 18992 | D:13     | Reached skill level 5 in Translocations
 19104 | D:13     | Reached skill level 19 in Bows
 19759 | D:13     | Found a gate to the Vaults.
 20321 | D:14     | Received a gift from Okawaru
 20435 | D:14     | Received a gift from Okawaru
 20454 | D:14     | Reached XP level 15. HP: 138/138 MP: 12/21
 20671 | D:14     | Reached skill level 20 in Bows
 21038 | D:15     | Entered Level 15 of the Dungeon
 21099 | D:15     | Found a staircase to the Depths.
 21099 | D:15     | Noticed a fire giant
 21110 | D:15     | Killed a fire giant
 21394 | D:15     | Received a gift from Okawaru
 21398 | D:15     | Got a slimy chain mail {god gift}
 21409 | D:15     | Identified the +5 chain mail "Dimeit" {rN+ Str+3 Dex-4} (Okawaru gifted it to you on level 15 of the Dungeon)
 21750 | D:15     | Found a shimmering altar of Xom.
 22728 | Orc:1    | Entered Level 1 of the Orcish Mines
 22845 | Orc:1    | Noticed an orc warlord
 22914 | D:10     | Killed an orc warlord
 23374 | Orc:2    | Entered Level 2 of the Orcish Mines
 23450 | Orc:1    | Reached skill level 21 in Bows
 23926 | Orc:2    | Paralysed by an ogre mage for 5 turns
 24147 | Orc:2    | Received a gift from Okawaru
 24153 | Orc:2    | Got a faintly glowing centaur barding {god gift}
 24164 | Orc:2    | Identified the +3 centaur barding of Fotili {rN+} (Okawaru gifted it to you on level 2 of the Orcish Mines)
 24230 | Orc:2    | Found Qebizece's Assorted Antiques.
 24230 | Orc:2    | Found Xeadd's Gadget Shoppe.
 24232 | Orc:2    | Found Oqoizeqo's General Store.
 24232 | Orc:2    | Found Ximp's Food Shop.
 24247 | Orc:2    | Bought a ration for 60 gold pieces
 24247 | Orc:2    | Bought a ration for 60 gold pieces
 24247 | Orc:2    | Bought a ration for 60 gold pieces
 24247 | Orc:2    | Bought a ration for 60 gold pieces
 24247 | Orc:2    | Bought a ration for 60 gold pieces
 24247 | Orc:2    | Bought a ration for 60 gold pieces
 24247 | Orc:2    | Bought a ration for 60 gold pieces
 24247 | Orc:2    | Bought a ration for 60 gold pieces
 24247 | Orc:2    | Bought a ration for 60 gold pieces
 24247 | Orc:2    | Bought a ration for 60 gold pieces
 24247 | Orc:2    | Bought a ration for 60 gold pieces
 24567 | Orc:2    | Found a staircase to the Elven Halls.
 24578 | Orc:2    | Noticed Donald
 24578 | Orc:2    | Noticed an orc warlord
 24598 | Orc:2    | Reached skill level 15 in Fighting
 24668 | Orc:2    | Killed an orc warlord
 24668 | Orc:2    | Reached XP level 16. HP: 149/149 MP: 7/22
 24779 | Orc:2    | Killed Donald
 25141 | Orc:2    | Reached skill level 22 in Bows
 25603 | Swamp:1  | Entered Level 1 of the Swamp
 25933 | Swamp:1  | Noticed Frances
 25946 | Swamp:1  | Killed Frances
 26042 | Swamp:1  | Noticed Aizul
 26053 | Swamp:1  | Killed Aizul
 26481 | Swamp:1  | Received a gift from Okawaru
 26756 | Swamp:2  | Identified a scroll of acquirement
 26780 | Swamp:2  | Noticed Jorgrun
 26790 | Swamp:2  | Killed Jorgrun
 26790 | Swamp:2  | Received a gift from Okawaru
 26790 | Swamp:2  | Received a gift from Okawaru
 26858 | Swamp:2  | Noticed a thorn hunter
 26861 | Swamp:2  | Noticed Louise
 26872 | Swamp:2  | Cast into level 3 of the Abyss (Louise)
 26975 | Abyss:3  | Noticed a tentacled starspawn
 26997 | Abyss:3  | Killed a tentacled starspawn
 27138 | Abyss:3  | Noticed a bone dragon
 27213 | Abyss:3  | Reached skill level 23 in Bows
 27241 | Abyss:3  | Noticed a tentacled starspawn
 27246 | Abyss:3  | Killed a tentacled starspawn
 27262 | Abyss:3  | Paralysed by accursed screaming for 1 turns
 27268 | Abyss:3  | Noticed an Executioner
 27274 | Abyss:3  | HP: 3/151 [Executioner (15)]
 27274 | Abyss:3  | Slain by an Executioner

Skill      XL: |  1  2  3  4  5  6  7  8  9 10 11 12 13 14 15 16 |
---------------+-------------------------------------------------+-----
Unarmed Combat | 1 2 3 4 5 6 8 9 10 11 12 | 12.2
Bows           | 6 7 8 10 11 12 14 15 17 19 21 23 | 23.0
Fighting       | 3 4 5 7 8 9 10 12 13 14 15 | 15.8
Invocations    | 3 6 8 9 |  9.0
Translocations | 3 6 8 9 |  9.8
Dodging        | |  1.3
Stealth        | |  0.4

Action                   |  1- 3 |  4- 6 |  7- 9 | 10-12 | 13-15 | 16-18 || total
-------------------------+-------+-------+-------+-------+-------+-------++-------
Melee: Unarmed           |   121 |    79 |   227 |   127 |    23 |    10 ||   587
       Kick              |    24 |    15 |    69 |    32 |    18 |     8 ||   166
       Punch             |       |       |     4 |     8 |     2 |     2 ||    16
       Shortbow          |       |       |       |     4 |     7 |       ||    11
 Fire: Shortbow          |    18 |    99 |   153 |   715 |  1646 |   296 ||  2927
       Longbow           |       |       |       |       |       |   146 ||   146
 Cast: Portal Projectile |       |       |       |       |     1 |       ||     1
Invok: Heroism           |       |       |       |    13 |    11 |     6 ||    30
       Finesse           |       |       |       |     7 |    11 |     6 ||    24
Evoke: Wand              |       |     6 |    11 |     1 |       |       ||    18
  Use: Potion            |     6 |       |     1 |     7 |     6 |     3 ||    23
       Scroll            |     8 |     3 |     4 |     8 |     3 |     4 ||    30
  Eat: Ration            |     1 |     1 |     5 |     6 |     7 |     2 ||    22
       Chunk             |       |       |     1 |       |       |     2 ||     3
Armor: Leather armour    |    38 |    21 |    51 |    94 |   196 |    63 ||   463
       Chain mail        |       |       |    17 |       |       |       ||    17
Dodge: Dodged            |    47 |    23 |   107 |   166 |   216 |    67 ||   626
       Deflected         |       |       |       |       |     9 |     8 ||    17
